 Dungeon Crawl Stone Soup version 0.17.0-28-g6e173f8 (webtiles) character file.

49 plasmid the Conjurer (level 3, -3/19 HPs)
             Began as a Deep Elf Conjurer on Nov 30, 2015.
             Killed by divine providence
             ... invoked by an orc priest
              (15 damage)
             ... on level 3 of the Dungeon.
             The game lasted 00:11:28 (1436 turns).

plasmid the Conjurer (Deep Elf Conjurer)            Turns: 1436, Time: 00:11:28

Health: -3/19      AC:  3    Str:  5    XL:     3   Next: 51%
Magic:  4/10       EV: 13    Int: 20    God:
Gold:   67         SH:  0    Dex: 15    Spells: 2 memorised, 7 levels left

rFire  . . .     SeeInvis .     E - +0 short sword
rCold  . . .     Clarity  .     a - +0 robe
rNeg   . . .     SustAt   .     (no shield)
rPois  .         Gourm    .     (no helmet)
rElec  .         Spirit   .     (no cloak)
rCorr  .         Warding  .     r - +0 pair of gloves
rMut   .         Stasis   .     (no boots)
MR     .....                    (no amulet)
Stlth  ++........               (no ring)
                                (no ring)

@: not resistant to hostile enchantments, unstealthy
A: no striking features
a: no special abilities


You were on level 3 of the Dungeon.
You were not hungry.

You visited 1 branch of the dungeon, and saw 3 of its levels.

You collected 67 gold pieces.

Inventory:

Hand Weapons
 f - a +0 club
 n - a +0 dagger
 q - a +0 dagger
 s - a +0 trident
 t - a +0 club
 w - a +2 hand axe of freezing
 E - a +0 short sword (weapon)
 I - a +0 hunting sling
 J - a +0 hunting sling
Missiles
 h - 8 tomahawks
 j - 125 stones (quivered)
 y - 4 javelins
Armour
 a - a +0 robe (worn)
 d - a +0 robe
 e - a +0 ring mail
 r - a +0 pair of gloves (worn)
Jewellery
 F - an uncursed ring of positive energy {unknown}
Scrolls
 i - a scroll of magic mapping {unknown}
 l - a scroll of identify {unknown}
 p - a scroll of noise {unknown}
 u - a scroll of teleportation {unknown}
 D - a scroll of remove curse {unknown}
 G - 2 scrolls of fear {unknown}
Potions
 g - a potion of invisibility {unknown}
 k - a potion of curing {unknown}
 o - a potion of lignification {unknown}
 v - a potion of magic {unknown}
 z - 2 potions of degeneration {unknown}
 A - a potion of haste {unknown}
 C - a potion of brilliance
Books
 b - a book of Conjurations

   Spells                             Type                      Level
   a - Magic Dart                     Conjuration                  1
   b - Searing Ray                    Conjuration                  2
   c - Dazzling Spray                 Conjuration/Hexes            3
   d - Fulminant Prism                Conjuration/Hexes            4
   e - Iskenderun's Mystic Blast      Conjuration                  4
   f - Iskenderun's Battlesphere      Conjuration/Charms           5
Comestibles
 c - 2 bread rations
 m - 3 beef jerkies
 x - 4 meat rations
 B - a slice of pizza
 H - 3 chunks of flesh


   Skills:
 + Level 2.6 Dodging
 - Level 2.4 Stealth
 * Level 4.2 Spellcasting
 + Level 5.2 Conjurations


You had 7 spell levels left.
You knew the following spells:

 Your Spells              Type           Power        Failure   Level  Hunger
a - Magic Dart            Conj           ####         1%          1    None
b - Searing Ray           Conj           ####..       2%          2    #......


Dungeon Overview and Level Annotations

Branches:
Dungeon (3/15)

Altars:
Qazlal


Message History

You feel sick.
You are no longer poisoned.
m - 3 beef jerkies (gained 2)
There are no items here.
Found 18 poisoned needles.
An orc priest comes into view. It is wielding a flail.
You see here a hunting sling.
J - a hunting sling The orc priest shouts!
Casting: Magic Dart
Confirm with . or Enter, or press ? or * to list all spells.
Aiming: Magic Dart
Press: ? - help, Shift-Dir - straight line, f - orc priest
Aim: an orc priest, wielding a flail The magic dart hits the orc priest.
The orc priest is moderately wounded.
The orc priest invokes the aid of Beogh against you.
Something smites you!
Ouch! That really hurt!
You die...

#.#..................
#.#..#####........## #
#.#..# #.......## # #.#..#
#......>.# ###.##.#
###.....## .......#
##...## ##
....##.#########.###...#
...>...............o.#
..........######@###...#
.≈ ##.###.##.# #.# ## .#
§≈ ...# #.##.######.#
###.## .§§§ ##.#
#.##......#.# #
#........≈≈ ##.#
#.#######.#.#
#.#...##...§≈ #.# #.#
#.#(# ##.#...#....§≈ #.#
#.# #.#.. .#........≈§≈
#.# #.#
#.######.#.......≈§≈ ..#
#######........#...##.≈≈§≈


You could see an orc priest.

Vanquished Creatures
  2 adders
  3 giant geckos
  A ball python (D:1)
  7 goblins
  2 hobgoblins (D:2)
  6 bats
  2 giant newts (D:1)
  A kobold (D:1)
  6 rats
30 creatures vanquished.

Notes
Turn   | Place    | Note
--------------------------------------------------------------
     0 | D:1      | plasmid the Deep Elf Conjurer began the quest for the Orb.
     0 | D:1      | Reached XP level 1. HP: 10/10 MP: 6/6
   251 | D:1      | You fall through a shaft!
   330 | D:2      | Reached XP level 2. HP: 15/15 MP: 6/8
   362 | D:2      | Learned a level 2 spell: Searing Ray
   642 | D:2      | Reached skill level 5 in Conjurations
   927 | D:2      | Reached XP level 3. HP: 19/19 MP: 6/10
  1183 | D:3      | Found a stormy altar of Qazlal.
  1436 | D:3      | Killed from afar by an orc priest

Action                   || total
-------------------------++-------
Melee: Club              ||     1
 Cast: Magic Dart        ||    51
  Use: Potion            ||     1
  Eat: Chunk             ||     1
